 Dungeon Crawl Stone Soup version 0.30.0-5-g1a98f26d00 (webtiles) character file.

Game seed: 6696434542784264169

27103 jasper the Basher (level 13, 0/148 HPs)
             Began as a Human Wanderer on May 8, 2023.
             Was a High Priest of Okawaru.
             Slain by Sonja
             ... wielding a +2 dagger of venom
              (1 damage)
             ... on level 2 of the Lair of Beasts.
             The game lasted 00:22:41 (15215 turns).

jasper the Basher (Human Wanderer)                 Turns: 15215, Time: 00:22:41

Health: 0/148      AC: 20    Str: 22    XL:     13   Next: 63%
Magic:  15/19      EV: 20    Int: 10    God:    Okawaru [*****.]
Gold:   442        SH:  0    Dex: 11    Spells: 12/12 levels left

rFire   . . .        l - +3 flail (freeze)
rCold   . . .        (no shield)
rNeg    . . .        e - +2 scale mail
rPois   .            y - +0 helmet
rElec   +            B - +0 cloak
rCorr   .            S - +0 pair of gloves
SInv    .            (no boots)
Will    .....        x - amulet of faith Stlth
                     h - +5 ring of evasion
HPRegen 0.44/turn    z - ring "Dotz" {rElec AC+4 Stlth+}
MPRegen 0.16/turn

%: faith
@: berserking, lethally poisoned (0 -> -31), heroic, slowed, studying Dodging
A: no striking features
a: Renounce Religion, Heroism, Finesse, Duel


You were on level 2 of the Lair of Beasts.
You worshipped Okawaru.
Okawaru was extremely pleased with you.
You visited 3 branches of the dungeon, and saw 15 of its levels.

You collected 712 gold pieces.
You spent 270 gold pieces at shops.

Inventory:

Hand Weapons
 a - a +0 club
 b - a +0 dire flail
 k - a +0 whip
 l - a +3 flail of freezing (weapon)
 o - a +3 morningstar
 L - a +0 morningstar
 P - a +0 dagger
Missiles
 m - a boomerang (quivered)
 A - 4 datura-tipped darts
 D - 48 poisoned darts
 Q - a curare-tipped dart
Armour
 e - a +2 scale mail (worn)
 y - a +0 helmet (worn)
 B - a +0 cloak (worn)
 H - a +0 plate armour
 R - a +2 ring mail of poison resistance
 S - a +0 pair of gloves (worn)
 X - +0 fire dragon scales
Jewellery
 h - a +5 ring of evasion (left hand)
 t - a ring of see invisible
 u - a +4 ring of protection
 x - an amulet of faith (around neck)
 z - the ring "Dotz" (right hand) {rElec AC+4 Stlth+}
   (You took it off a goblin on level 4 of the Dungeon)

   [ring of protection]

   AC:        It affects your AC (+4).
   rElec:     It insulates you from electricity.
   Stlth:     It makes you more stealthy.
 E - a ring of wizardry
 U - a ring of magical power
Wands
 v - a wand of flame (23)
 N - a wand of digging (3)
Scrolls
 f - 6 scrolls of fog
 g - 2 scrolls of identify
 i - 2 scrolls of brand weapon
 p - 3 scrolls of poison
 s - 10 scrolls of teleportation
 w - 2 scrolls of amnesia
 K - 3 scrolls of fear
 M - 2 scrolls of magic mapping
 O - a scroll of enchant armour
 T - a scroll of immolation
 V - a scroll of blinking
Potions
 c - a potion of brilliance
 d - 3 potions of degeneration
 j - 2 potions of lignification
 q - 6 potions of curing
 r - 4 potions of haste
 C - a potion of resistance
 F - 2 potions of berserk rage
 G - 4 potions of might {unknown}
 I - 2 potions of flight {unknown}
 J - 2 potions of ambrosia


   Skills:
 * Level 8.4(13.4) Fighting
 - Level 14.0(19.0) Maces & Flails
 - Level 10.0(15.0) Throwing
 + Level 8.1(13.1) Armour
 + Level 8.5(13.5) Dodging
 - Level 1.0(6.0) Stealth
 - Level 2.0(7.0) Unarmed Combat
 - Level 8.3 Invocations


You had 12 spell levels left.
You didn't know any spells.
Your spell library contained the following spells:

 Spells                   Type           Power      Damage    Failure   Level
 Cigotuvi's Dreadful Rot  Necr/Pois/Air  0%         N/A       75%         2
 Ignite Poison            Fire/Tmut/Pois 0%         N/A       93%         3
 Inner Flame              Hex/Fire       0%         N/A       93%         3
 Ozocubu's Armour         Ice            0%         N/A       93%         3
 Spider Form              Tmut/Pois      0%         N/A       93%         3
 Dispel Undead            Necr           0%         3d6       100%        4
 Flame Wave               Conj/Fire      0%         2d4       100%        4
 Leda's Liquefaction      Hex/Erth       0%         N/A       100%        4
 Sticky Flame             Conj/Fire      0%         2d3       100%        4
 Iskenderun's Battlesphe  Conj           0%         2d6       100%        5
 Lee's Rapid Deconstruct  Erth           0%         3d4*      100%        5
 Metabolic Englaciation   Hex/Ice        0%         N/A       100%        5
 Iron Shot                Conj/Erth      0%         9d1       100%        6
 Statue Form              Tmut/Erth      0%         N/A       100%        6
 Borgnjor's Revivificati  Necr           0%         N/A       100%        8
 Ignition                 Fire           0%         3d3       100%        8
 Death Channel            Necr           Unusable   N/A       N/A         6
 Simulacrum               Ice/Necr       Unusable   N/A       N/A         6
 Spellforged Servitor     Conj/Summ      Unusable   N/A       N/A         7

Dungeon Overview and Level Annotations

Branches:
Dungeon (12/15)            Temple (1/1) D:7            Lair (2/5) D:8
    Orc (0/2) D:10
  Swamp: Lair:2-3    Shoals: Lair:2-3     Snake: Lair:2-3    Spider: Lair:2-3

Altars:
Ashenzari
Cheibriados
Dithmenos
Fedhas
Gozag
Hepliaklqana
Kikubaaqudgha
Makhleb
Nemelex Xobeh
Okawaru
Qazlal
Ru
Trog
Uskayaw
Vehumet
Wu Jian
Xom
Zin
The Shining One

Shops:
D:4 [   D:5 :   D:6 :*?(!

Portals:
Trove: D:11 (give 6 scrolls of fog)

Annotations:
D:3 1 runed translucent door, Irreverend's ghost, amateur DEFE
D:5 2 transporters, trckry's ghost, novice DsWn
D:7 2 transporters
D:12 2 transporters, Afrar's ghost, journeyman FoFi
Lair:2 Sonja


Message History

Sonja hits you with a +2 dagger of venom!
* * * LOW HITPOINT WARNING * * *
You are poisoned.
Sonja completely misses you. Sonja closely misses you.
Sonja completely misses you. Sonja hits you but does no damage.
You are more poisoned.
Sonja barely misses you. x2
You regained 2 hp, and now have 20/99 hp.
A red film seems to cover your vision as you go berserk!
Your finesse ends abruptly.
You feel yourself moving faster!
You feel mighty!
You feel very sick.
Sonja misses you. x2; Sonja barely misses you.
Sonja hits you but does no damage. x2; Sonja barely misses you.
Sonja closely misses you. Sonja completely misses you. Sonja barely misses you.
You now have 24/148 hp.
You miss Sonja.
Sonja is severely wounded.
You feel very sick. Sonja misses you. Sonja completely misses you.
Sonja hits you with a +2 dagger of venom!
* * * LOW HITPOINT WARNING * * *
You are lethally poisoned!
Sonja misses you. Sonja completely misses you. Sonja misses you.
You take 13 damage, and have 11/148 hp.
You miss Sonja.
Sonja is severely wounded.
* * * LOW HITPOINT WARNING * * *
You feel very sick. Sonja hits you but does no damage.
You are more poisoned.
Sonja hits you but does no damage.
You are more poisoned.
Sonja completely misses you.
You take 4 damage, and have 7/148 hp.
You miss Sonja.
Sonja is severely wounded.
* * * LOW HITPOINT WARNING * * *
You feel very sick.
Sonja hits you with a +2 dagger of venom.
You die...

#........>...##
#......
#...(....#..#.#
#.###..
#...(..>#....## ###
#.P
###P.........####.##
#†# ##...............#
#.#
#.†##..P.#.####.####.#
##††##..###.# #..P....
##(###.## ### #.......
#...K@.# #.###P#..
##.....# ##### #.###.#
### ###


You could see the neutral Sonja (fast, strong, insane, poisoned).

Vanquished Creatures
  A two-headed ogre (D:12)
  2 sixfirhies (D:12)
  3 bog bodies (Lair:2)
  An ugly thing (D:11)
  A cyclops (D:12)
  A black mamba (Lair:1)
  3 elephants (Lair:1)
  Joseph (D:9)
  A rust devil (D:12)
  An orange demon (D:12)
  A smoke demon (D:12)
  4 cane toads
  Maggie (D:8)
  2 kobold demonologists (D:9)
  2 komodo dragons
  A hellwing (D:12)
  4 trolls
  A hornet (D:8)
  A polar bear (Lair:1)
  2 blink frogs (Lair:2)
  3 wraiths
  2 shadows
  2 vampires
  Grum (D:9)
  2 steam dragons
  46 yaks
  5 vampire mosquitoes
  A warg (D:10)
  7 water moccasins
  2 sky beasts (D:7)
  3 ice beasts
  2 ogres
  5 orc warriors
  A black bear (D:3)
  7 wolves
  A phantom (D:6)
  5 centaurs
  13 kobold brigands
  7 bullfrogs
  5 scorpions
  9 wights
  26 killer bees
  5 howler monkeys
  A quasit (D:12)
  4 hounds
  6 orc priests
  A jelly (D:8)
  2 sleepcaps
  An iguana (D:6)
  15 orc wizards
  Natasha (thrice) (D:2)
  3 gnolls (D:3)
  6 adders
  2 white imps
  2 ufetubi (D:6)
  2 worms
  50 orcs
  7 bats
  8 endoplasms
  3 giant cockroaches
  4 goblins
  3 hobgoblins
  A quokka (D:4)
  5 ball pythons
  2 frilled lizards (D:3)
  11 kobolds
  9 rats
345 creatures vanquished.

Vanquished Creatures (collateral kills)
  A blink frog (Lair:2)
  An ice beast (D:6)
2 creatures vanquished.

Vanquished Creatures (others)
  An orc wizard (D:10)
1 creature vanquished.

Grand Total: 348 creatures vanquished

Notes
Turn   | Place    | Note
-------+----------+-------------------------------------------
     0 | D:1      | jasper the Human Wanderer began the quest for the Orb.
     0 | D:1      | jasper set off with the following items: a +0 club, a
                  | scroll of teleportation, a potion of curing, a potion of
                  | heal wounds, a +2 scale mail.
     0 | D:1      | Reached XP level 1. HP: 18/18 MP: 1/1
   115 | D:1      | Reached XP level 2. HP: 18/24 MP: 2/2
   117 | D:1      | Reached skill level 1 in Maces & Flails
   441 | D:2      | Reached XP level 3. HP: 29/29 MP: 3/3
   467 | D:2      | Noticed Natasha
   494 | D:2      | Killed Natasha
   495 | D:2      | Reached skill level 2 in Maces & Flails
   495 | D:2      | Reached XP level 4. HP: 5/35 MP: 4/4
   696 | D:2      | Noticed Natasha
   705 | D:2      | Killed Natasha
  1111 | D:2      | Noticed Natasha
  1121 | D:2      | Killed Natasha
  1122 | D:2      | Reached skill level 3 in Maces & Flails
  1122 | D:2      | Reached XP level 5. HP: 28/42 MP: 5/5
  1207 | D:3      | Noticed a black bear
  1458 | D:3      | Killed a black bear
  1459 | D:3      | Reached skill level 4 in Maces & Flails
  1459 | D:3      | Reached skill level 5 in Armour
  1459 | D:3      | Reached XP level 6. HP: 48/48 MP: 6/6
  1671 | D:3      | Found a runed translucent door.
  1679 | D:3      | Noticed Irreverend's ghost (amateur DEFE)
  2230 | D:4      | Reached XP level 7. HP: 55/55 MP: 7/7
  2346 | D:4      | Identified the ring "Dotz" {rElec AC+4 Stlth+}
  2380 | D:4      | Reached skill level 5 in Maces & Flails
  2394 | D:4      | Found Otufiz Izeck's Antique Armour Shop.
  2413 | D:4      | Noticed a water moccasin
  2439 | D:4      | Killed a water moccasin
  2445 | D:4      | Bought a cloak for 139 gold pieces
  2633 | D:4      | Reached skill level 5 in Fighting
  2649 | D:4      | Got the Encyclopedia of the Dose and Stolen Souls
  2859 | D:5      | Entered Level 5 of the Dungeon
  2918 | D:5      | Found a transporter.
  2922 | D:5      | Noticed trckry's ghost (novice DsWn)
  2924 | D:5      | Noticed a water moccasin
  2925 | D:5      | Noticed a yak
  2930 | D:5      | Found a transporter.
  2960 | D:5      | Reached XP level 8. HP: 50/62 MP: 8/8
  3025 | D:5      | Reached skill level 6 in Maces & Flails
  3156 | D:5      | Reached skill level 7 in Maces & Flails
  3544 | D:5      | Found Xeugi's Tiny Tomes.
  3744 | D:6      | Reached skill level 8 in Maces & Flails
  4096 | D:6      | Found Uliuth's Antique Weapon Emporium.
  4236 | D:6      | Reached skill level 9 in Maces & Flails
  4236 | D:6      | Reached XP level 9. HP: 54/68 MP: 9/9
  4298 | D:6      | Noticed a troll
  4307 | D:6      | Killed a troll
  4466 | D:6      | Reached skill level 10 in Maces & Flails
  4466 | D:6      | Found Uwuan's Distillery.
  4614 | D:6      | Bought a potion of curing for 39 gold pieces
  5058 | D:6      | Found Xajugewn's Magic Scroll Shoppe.
  5131 | D:6      | Found Kagep's Book Shop.
  5134 | D:6      | Found Bamof's Assorted Antiques.
  5232 | D:7      | Found a transporter.
  5295 | D:7      | Reached skill level 11 in Maces & Flails
  5322 | D:7      | Found a transporter.
  5443 | D:7      | Reached XP level 10. HP: 44/74 MP: 10/10
  5683 | D:7      | Found a stormy altar of Qazlal.
  5702 | D:7      | Reached skill level 12 in Maces & Flails
  5863 | D:7      | Found a staircase to the Ecumenical Temple.
  5875 | Temple   | Entered the Ecumenical Temple
  6009 | Temple   | Became a worshipper of Warmaster Okawaru
  6353 | D:8      | Found a staircase to the Lair.
  6452 | D:8      | Reached skill level 13 in Maces & Flails
  6775 | D:8      | Found a runed translucent door.
  6780 | D:8      | Noticed Maggie
  6865 | D:8      | Found a glowing silver altar of Zin.
  7127 | D:6      | Bought a scroll of immolation for 92 gold pieces
  7196 | D:8      | Killed Maggie
  7196 | D:8      | Reached * piety under Okawaru
  7525 | D:9      | Reached ** piety under Okawaru
  7590 | D:9      | Reached skill level 14 in Maces & Flails
  7605 | D:9      | Reached skill level 1 in Throwing
  7605 | D:9      | Reached skill level 1 in Invocations
  7866 | D:9      | Reached XP level 11. HP: 79/79 MP: 12/12
  7885 | D:9      | Noticed Joseph
  7887 | D:9      | Found a burning altar of Makhleb.
  7910 | D:9      | Killed Joseph
  8046 | D:9      | Noticed Grum
  8064 | D:9      | Killed Grum
  8081 | D:9      | Reached *** piety under Okawaru
  8354 | D:9      | Reached skill level 5 in Invocations
  8426 | D:9      | Found a glowing golden altar of the Shining One.
  8535 | D:9      | Reached skill level 5 in Throwing
  8749 | D:9      | Reached skill level 1 in Dodging
  8876 | D:10     | Entered Level 10 of the Dungeon
  9036 | D:9      | Noticed a soul eater
  9520 | D:10     | Reached **** piety under Okawaru
  9562 | D:10     | Found a staircase to the Orcish Mines.
 10070 | D:10     | Reached skill level 5 in Dodging
 10601 | D:11     | Reached XP level 12. HP: 83/89 MP: 15/15
 10930 | D:11     | Identified the +0 ring mail of Impermeability {Will+ Int+4}
 11288 | D:11     | Reached ***** piety under Okawaru
 11613 | D:11     | Found a portal to a secret trove of treasure.
 12093 | D:12     | Received a gift from Okawaru
 12149 | D:12     | Noticed Afrar's ghost (journeyman FoFi)
 12170 | D:12     | Found a transporter.
 12203 | D:12     | Noticed a two-headed ogre
 12213 | D:12     | Killed a two-headed ogre
 12324 | D:12     | Noticed a sixfirhy
 12352 | D:12     | Killed a sixfirhy
 12564 | D:12     | Noticed a sixfirhy
 12583 | D:12     | Killed a sixfirhy
 12710 | D:12     | Found a transporter.
 12895 | Lair:1   | Entered Level 1 of the Lair of Beasts
 13226 | Lair:1   | Reached XP level 13. HP: 96/96 MP: 19/19
 13304 | Lair:1   | Identified the +0 short sword of Oshamael {antimagic, Int+5
                  | Dex+4} (Okawaru gifted it to you on level 1 of the Lair of
                  | Beasts)
 13304 | Lair:1   | Received a gift from Okawaru
 14437 | Lair:2   | Reached skill level 10 in Throwing
 15164 | Lair:2   | Reached ****** piety under Okawaru
 15170 | Lair:2   | Received a gift from Okawaru
 15179 | Lair:2   | Noticed Sonja
 15214 | Lair:2   | HP: 7/148 [poisoned by Sonja]
 15215 | Lair:2   | HP: 1/148 [poisoned by Sonja]
 15215 | Lair:2   | Slain by Sonja

Illustrated notes

Levels and vault maps discovered:
D:1:      minmay_arrival_semitransparent, layout_rooms, serial_shops,
          nicolae_shop_tiny_waterfront, shop, nicolae_shop_behind_doors,
          minmay_misc_feat_square
D:2:      layout_basic, minmay_rat_gold_closets, uniq_natasha
D:3:      layout_loops_ring, gammafunk_ghost_grave, grunt_decor_fettered
D:4:      layout_loops_cross, serial_shops, shop, minmay_manual_moon
D:5:      layout_cave_pools, gammafunk_ghost_arena,
          nicolae_shop_i_like_small_books_too, roderic_serpentine_path
D:6:      layout_basic, serial_curves, eino_curves_01, eino_curves_03,
          eino_curves_04, eino_curves_04, serial_shops, shop,
          nicolae_shop_waterfront, nicolae_lakefront_shop,
          nicolae_shop_industrial_runoff, nicolae_shop_behind_doors, st_stairs_1
D:7:      gammafunk_cloud_chamber, layout_basic,
          nicolae_qazlal_beasts_of_the_sky, minmay_temple_entry_fiery,
          grunt_ministairs_10, minmay_misc_feat_tiny
D:8:      layout_loops_ring, mainiacjoe_overflow_boulevard, dpeg_oklobed_lair,
          lightli_church_of_beogh, uniq_maggie
D:9:      layout_stronghold, nicolae_overflow_crystal_walls, bloody_makhleb,
          uniq_joseph, uniq_grum
D:10:     layout_roguey, david_orc_3, special_room [special_room_kobold]
D:11:     layout_cave_pools, trove_entry_hex_spiral, hangedman_decor_lopped
D:12:     layout_loops_ring, gammafunk_ghost_hive, serial_demonic,
          serial_demonic_f, serial_demonic_b, serial_demonic_b,
          serial_demonic_f, chequers_serial_rivers_micro_a
Temple:   mainiacjoe_temple_bowtie_tessellation
Lair:1:   layout_hall_layers, grunt_megastairs_3, serial_bayou_shore_b
Lair:2:   layout_loops_ring, nicolae_swamp_entry_splash_gauntlet,
          nicolae_spider_entry_tight_spaces, serial_bayou_shore_a,
          uniq_gastronok, uniq_sonja

Skill      XL: |  1  2  3  4  5  6  7  8  9 10 11 12 13 |
---------------+----------------------------------------+-----
Maces & Flails | 1 2 3 4 5 9 11 14 | 14.0
Fighting       | 4 5 6 7 8 |  8.4
Armour         | 5 6 7 8 |  8.1
Throwing       | 2 5 7 10 | 10.0
Invocations    | 2 5 8 |  8.3
Dodging        | 5 7 8 |  8.5
Stealth        | |  1.0
Unarmed Combat | |  2.0

Action                     |  1- 3 |  4- 6 |  7- 9 | 10-12 | 13-15 || total
---------------------------+-------+-------+-------+-------+-------++-------
  Melee: Club              |   121 |    74 |       |       |       ||   195
         Punch             |     3 |     3 |     4 |    24 |     4 ||    38
         Whip              |       |    14 |       |       |       ||    14
         Flail             |       |    53 |   283 |   843 |   211 ||  1390
  Throw: Boomerang         |       |    24 |    29 |    46 |    28 ||   127
         Dart              |       |       |       |    21 |     5 ||    26
         Throwing net      |       |       |       |     1 |     1 ||     2
 Invoke: Heroism           |       |       |       |     5 |     1 ||     6
         Finesse           |       |       |       |       |     1 ||     1
  Evoke: Wand              |       |     3 |       |     8 |       ||    11
    Use: Potion            |     3 |       |     1 |       |     3 ||     7
         Scroll            |     1 |       |    15 |     6 |       ||    22
   Stab: Distracted        |       |       |     1 |       |       ||     1
         Held in net/web   |       |       |       |     1 |       ||     1
 Armour: Scale mail        |    68 |    60 |    91 |   277 |    61 ||   557
  Dodge: Dodged            |    90 |    93 |   194 |   595 |   188 ||  1160
